 Dungeon Crawl Stone Soup version 0.20-a0-1089-g3fde505 (webtiles) character file.

385 4thArraOfDagon the Insei (level 6, -12/51 HPs)
             Began as a Barachi Monk on May 2, 2017.
             Was a Priest of Cheibriados.
             Splashed by Ijyb's acid (16 damage)
             ... on level 4 of the Dungeon.
             The game lasted 00:09:42 (2268 turns).

4thArraOfDagon the Insei (Barachi Monk)             Turns: 2268, Time: 00:09:43

Health: -12/51     AC:  3    Str: 19    XL:     6   Next: 77%
Magic:  7/7        EV: 13    Int: 20    God:    Cheibriados [***...]
Gold:   56         SH:  0    Dex: 21    Spells: 5/5 levels left

rFire    . . .     SeeInvis .     - Unarmed
rCold    . . .     Gourm    .   (no shield)
rNeg     . . .     Faith    .   v - +0 scale mail
rPois    .         Spirit   .   p - +0 helmet
rElec    .         Reflect  .   (no cloak)
rCorr    .         Harm     .   (no gloves)
MR       .....                  (no boots)
Stlth    +.........             (no amulet)
Regen    0.2/turn               (no ring)
MPRegen  0.1/turn               (no ring)

@: corroded, very slow
A: +LOS, swims, slowness 1, strong legs 1
a: Hop, Bend Time, Temporal Distortion, Renounce Religion


You were on level 4 of the Dungeon.
You worshipped Cheibriados.
Cheibriados was most pleased with you.
You were not hungry.

You visited 2 branches of the dungeon, and saw 7 of its levels.

You collected 120 gold pieces.
You spent 64 gold pieces at shops.

Inventory:

Hand Weapons
 k - a +0 blowgun
Missiles
 l - 20 poisoned needles
Armour
 a - a +0 robe
 p - a +0 helmet (worn)
 v - a +0 scale mail (worn)
Jewellery
 o - a cursed ring of loudness {unknown}
Scrolls
 d - 5 scrolls of identify {unknown}
 e - 2 scrolls of teleportation {unknown}
 f - a scroll of amnesia {unknown}
 g - a scroll of blinking {unknown}
 j - 4 scrolls of remove curse {unknown}
 n - a scroll of fog {unknown}
 q - a scroll of noise {unknown}
 r - a scroll of enchant weapon {unknown}
 s - a scroll of immolation {unknown}
Potions
 c - 3 potions of curing
 h - a potion of agility {unknown}
 i - a potion of invisibility {unknown}
 m - a potion of ambrosia {unknown}
 t - 2 potions of berserk rage {unknown}
Comestibles
 b - 3 bread rations
 u - a chunk of flesh


   Skills:
 + Level 5.1 Fighting
 + Level 4.7 Dodging
 - Level 1.7 Stealth
 * Level 5.9 Unarmed Combat
 + Level 1.8 Invocations


You had 5 spell levels left.
You didn't know any spells.

Dungeon Overview and Level Annotations

Branches:
Dungeon (6/15)             Temple (1/1) D:4

Altars:
Ashenzari
Cheibriados
Dithmenos
Elyvilon
Hepliaklqana
Kikubaaqudgha
Makhleb
Nemelex Xobeh
Qazlal
Ru
Sif Muna
Vehumet
Wu Jian
The Shining One

Shops:
D:5 *

Annotations:
D:4 Ijyb


Innate Abilities, Weirdness & Mutations

Shadows flee at your approach. (+LOS)
You can swim through water.
You cover ground slowly.
You can hop short distances.


Message History

The gnoll is severely wounded.
The gnoll closely misses you.
You punch the gnoll!
You kill the gnoll!
Cheibriados thoroughly appreciates the change of pace.
No target in view!
No target in view!
Ijyb shouts!
A worker ant comes into view.
The worker ant twitches its antennae in your direction.
Unknown command.
You completely miss Ijyb. Ijyb screams, "Me stronger than you!"
Ijyb zaps a wand.
The bolt of acid misses you.
It is a wand of acid (?/15).
You closely miss Ijyb.
Ijyb zaps a wand.
The bolt of acid hits you! The acid corrodes you!
You are splashed with acid!
The acid burns!
You barely miss Ijyb.
Ijyb zaps a wand.
The bolt of acid hits you!
* * * LOW HITPOINT WARNING * * *
The acid corrodes you!
You are splashed with acid!
The acid burns!
You die...

###................ ....
#.........######### ####
#.........# #.†.......#
##########.#...#
#......###.#...# ..
#......#...##### ....
#......#...######.......#######
#......#..>...@ga..............
#......#...######.......#######
#..........# #### #......#...#
#......###.####################
#......# #.....................
#......# #.################....
##.##### #.# #.### #. #.#


You could see Ijyb and a worker ant.

Vanquished Creatures
  A slave (D:5)
  A centaur (D:5)
  An oklob sapling (D:4)
  A jelly (D:5)
  A centaur skeleton (D:4)
  2 iguanas (D:5)
  Robin (D:4)
  7 adders
  2 gnolls
  A worm (D:4)
  2 dart slugs
  A leopard gecko (D:4)
  3 orcs (D:3)
  4 bats
  5 giant cockroaches
  8 hobgoblins
  A jackal (D:5)
  A ball python (D:1)
  4 frilled lizards
  11 goblins
  7 kobolds
  A quokka skeleton (D:4)
  3 rats
69 creatures vanquished.

Notes
Turn   | Place    | Note
-------+----------+-------------------------------------------
     0 | D:1      | 4thArraOfDagon the Barachi Monk began the quest for the Orb.
     0 | D:1      | Reached XP level 1. HP: 18/18 MP: 1/1
   206 | D:1      | Reached XP level 2. HP: 18/25 MP: 2/2
   482 | D:3      | Reached XP level 3. HP: 30/30 MP: 3/3
   792 | D:4      | Found a staircase to the Ecumenical Temple.
   792 | D:4      | Noticed an oklob sapling
   798 | D:4      | Killed an oklob sapling
   798 | D:4      | Reached XP level 4. HP: 26/38 MP: 4/4
   828 | Temple   | Entered the Ecumenical Temple
   837 | Temple   | Became a worshipper of Cheibriados the Contemplative
   837 | Temple   | Reached * piety under Cheibriados
   837 | Temple   | Reached ** piety under Cheibriados
  1051 | D:4      | Noticed Robin
  1069 | D:4      | Killed Robin
  1069 | D:4      | Reached XP level 5. HP: 25/43 MP: 5/5
  1080 | D:4      | Reached skill level 5 in Unarmed Combat
  1223 | D:5      | Entered Level 5 of the Dungeon
  1223 | D:5      | Noticed a slave
  1223 | D:5      | Noticed a slave
  1251 | D:5      | Killed a slave
  1310 | D:4      | Noticed Ijyb
  1734 | D:5      | Noticed a centaur
  1746 | D:5      | Killed a centaur
  1746 | D:5      | Reached *** piety under Cheibriados
  1746 | D:5      | Reached skill level 1 in Invocations
  1746 | D:5      | Reached XP level 6. HP: 17/50 MP: 6/6
  1838 | D:5      | Found Norch's Assorted Antiques.
  1843 | D:5      | Bought 2 emerald potions for 41 gold pieces
  1843 | D:5      | Bought a scroll labeled LUOJ USMYI for 23 gold pieces
  1876 | D:5      | Noticed a phantom
  1976 | D:5      | Reached skill level 5 in Fighting
  1998 | D:5      | Found a stormy altar of Qazlal.
  2000 | D:5      | Noticed a fire elemental
  2001 | D:5      | Noticed an air elemental
  2002 | D:5      | Noticed a water elemental
  2268 | D:4      | Splashed by Ijyb's acid

Vault maps used:
D:1:      dpeg_arrival_tiny_d, kennysheep_flooded_box, minmay_misc_feat_roman
D:2:      first_bread
D:4:      minmay_temple_entry_oklob, uniq_ijyb, uniq_robin
D:5:      nicolae_qazlal_style_of_elements, serial_shops, nicolae_shop_crystal,
          shop, nicolae_shop_statue_plus, uniq_pikel
D:6:      serial_shops, shop_statue, nicolae_benzene_ring
Temple:   compressed_dpeg_triangle_lava_temple

Skill      XL: |  1  2  3  4  5  6 |
---------------+-------------------+-----
Fighting       | 4 5 |  5.1
Unarmed Combat | 4 5 |  5.9
Dodging        | 4 |  4.7
Invocations    | 1 |  1.8
Stealth        | |  1.7

Action                   |  1- 3 |  4- 6 || total
-------------------------+-------+-------++-------
Melee: Unarmed           |   108 |   168 ||   276
       Punch             |     1 |     9 ||    10
 Fire: Blowgun           |       |     6 ||     6
 Abil: Hop               |       |     1 ||     1
  Use: Potion            |     3 |       ||     3
 Stab: Sleeping          |     5 |     5 ||    10
  Eat: Chunk             |       |     2 ||     2
       Royal jelly       |       |     1 ||     1
Armor: Robe              |    21 |    34 ||    55
       Skin              |       |     1 ||     1
       Scale mail        |       |     2 ||     2
Dodge: Dodged            |    64 |   135 ||   199
